Map: Muro dorado EE

Players

MrFercho

  • Race: Zerg Zerg
  • League: Gold
  • Spawn Location: 7:00

Wesye - Winner!

  • Race: Protoss Protoss
  • League: Platinum
  • Spawn Location: 5:00

VOD

Have the link to the VOD?

Description

Time

  • Played on: July 23, 2020, 11:11 p.m.
  • Length: 14:32
Show
View Real Time Build Order
Export as new Build Order

MrFercho Zerg 

Build Orders: Pool First, Lurkers 

Get SALT Encoding   

  12  0:01  Drone  
  13  0:13  Overlord  
  14  0:21  Drone  
  14  0:31  Drone x2  
  16  1:00  Spawning Pool  
  16  1:01  Drone  
  16  1:10  Drone  
  17  1:14  Hatchery  
  17  1:17  Extractor, Drone  
  16  1:20  Drone  
  17  1:28  Drone  
  18  1:34  Drone  
  19  1:45  Drone  
  20  1:57  Zergling x2  
  21  2:06  Overlord  
  21  2:24  Queen  
  21  2:26  Queen  
  21  2:28  Drone  
  21  2:29  Drone x2  
  28  2:37  Drone  
  28  2:38  Drone  
  28  2:43  Metabolic Boost  
  30  2:47  Drone  
  31  2:56  Drone  
  32  2:58  Drone  
  32  2:59  Drone  
  34  3:09  Overlord  
  34  3:13  Overlord  
  34  3:22  Zergling x4  
  36  3:34  Drone x5  
  41  3:37  Drone x3  
  44  3:47  Roach Warren  
  43  3:50  Drone x2  
  43  3:51  Evolution Chamber  
  43  3:53  Drone  
  43  3:55  Drone  
  46  4:02  Queen  
  46  4:05  Extractor  
  46  4:07  Extractor  
  46  4:23  Hatchery  
  45  4:27  Zerg Missile Weapons Level 1  
  45  4:30  Roach  
  45  4:31  Roach x2  
  51  4:32  Overlord x3  
  51  4:40  Overlord  
  51  4:41  Overlord x2  
  51  5:01  Evolution Chamber  
  51  5:04  Drone x2  
  51  5:05  Drone  
  53  5:16  Spore Crawler  
  52  5:22  Lair  
  52  5:29  Zerg Ground Armor Level 1  
  52  5:32  Zergling x8  
  52  5:33  Zergling x2  
  57  5:39  Drone x10  
  67  5:48  Drone  
  69  6:04  Drone x3  
  69  6:09  Drone  
  69  6:10  Drone x2  
  69  6:11  Queen  
  76  6:14  Spine Crawler  
  76  6:16  Spore Crawler  
  75  6:20  Spine Crawler, Drone x3  
  75  6:21  Spine Crawler  
  76  6:30  Hydralisk Den  
  75  6:33  Zerg Missile Weapons Level 2  
  75  6:41  Roach  
  75  6:42  Roach x3  
  83  7:00  Extractor  
  82  7:02  Extractor, Drone x3  
  82  7:03  Drone  
  82  7:04  Drone x2  
  82  7:07  Drone x3  
  82  7:25  Muscular Augments  
  82  7:30  Lurker Den  
  82  7:32  Extractor  
  82  7:35  Drone  
  82  7:36  Lurker Den, Drone x3  
  83  7:38  Drone x3  
  83  7:42  Zergling x14  
  93  8:02  Pneumatized Carapace  
  93  8:17  Overseer  
  93  8:24  Drone x4  
  93  8:25  Drone  
  93  8:27  Overlord x6  
  98  8:36  Grooved Spines  
  98  8:49  Hatchery  
  98  8:52  Infestation Pit  
  96  9:25  Hatchery  
  96  9:26  Hatchery, Spire  
  96  9:28  Hive  
  96  9:30  Hydralisk x13  
  119  9:45  Spine Crawler  
  118  10:00  Spore Crawler  
  118  10:02  Spine Crawler  
  118  10:04  Spine Crawler  
  115  10:10  Hydralisk x5  
  115  10:11  Hydralisk x5  
  135  10:14  Overlord x3  
  135  10:15  Overlord  
  135  10:18  Lurker  
  115  10:49  Hydralisk x18  
  117  11:13  Seismic Spines  
  117  11:14  Adaptive Talons  
  104  11:19  Hydralisk  
  104  11:20  Hydralisk x10  
  111  11:26  Overseer x2  
  111  11:27  Overseer  
  111  11:28  Hydralisk  
  111  11:29  Hydralisk x3  
  94  11:39  Hydralisk x2  
  83  11:57  Drone  
  83  11:58  Hatchery, Drone x15  
  98  12:03  Lurker  
  98  12:04  Lurker x2  
  101  12:22  Overlord  
  101  12:23  Overlord  
  101  12:25  Zergling x14  
  101  12:26  Zergling x8  
  112  12:31  Evolution Chamber  
  112  12:32  Evolution Chamber  
  110  12:39  Queen  
  110  12:43  Greater Spire  
  109  13:06  Hydralisk x10  
  129  13:33  Hydralisk  
  129  13:34  Hydralisk x5  
  93  13:45  Hydralisk  
  93  13:46  Hydralisk x2  
  79  13:50  Zergling x10  
  79  13:51  Zergling x18  
Show
View Real Time Build Order
Export as new Build Order

Wesye Protoss - Winner!

Build Orders: Forge Fast Expand (FFE), Zealot Archon 

Get SALT Encoding   

  12  0:07  Probe  
  13  0:20  Pylon  
  13  0:21  Probe  
  14  0:34  Probe  
  15  0:40  Forge  
  15  0:49  Pylon  
  15  0:54  Probe  
  16  1:07  Probe  
  17  1:13  Gateway  
  17  1:18  Photon Cannon  
  17  1:44  Nexus  
  17  2:02  Zealot  
  17  2:08  Cybernetics Core  
  19  2:23  Probe  
  19  2:26  Assimilator  
  20  2:30  Assimilator  
  20  2:33  Probe  
  21  2:41  Probe  
  21  2:42  Pylon  
  21  2:51  Probe  
  23  2:59  Probe  
  23  3:03  Probe  
  25  3:05  Warp Gate  
  25  3:07  Stalker, Probe  
  28  3:21  Gateway  
  28  3:22  Gateway  
  28  3:28  Gateway  
  28  3:29  Sentry  
  28  3:30  Probe  
  31  3:42  Probe  
  32  3:49  Assimilator  
  32  3:50  Probe  
  32  3:54  Probe  
  34  3:58  Probe  
  35  4:06  Probe  
  35  4:09  Stalker  
  37  4:15  Probe  
  39  4:17  Probe  
  40  4:25  Robotics Facility  
  40  4:27  Probe  
  40  4:28  Twilight Council  
  40  4:29  Probe  
  42  4:51  Probe  
  43  5:01  Probe  
  43  5:03  Probe  
  45  5:11  Nexus  
  45  5:13  Pylon  
  45  5:15  Probe  
  46  5:23  Charge  
  46  5:27  Probe  
  46  5:31  Probe  
  46  5:33  Pylon  
  48  5:36  Probe  
  48  5:41  Templar Archives  
  49  5:43  Immortal, Pylon  
  53  5:52  Assimilator  
  53  5:57  Probe  
  53  5:59  Probe  
  55  6:10  Forge, Probe  
  57  6:11  Probe  
  57  6:18  High Templar x2  
  59  6:20  Zealot x2  
  59  6:23  Probe, Archon  
  59  6:25  Probe  
  65  6:27  Probe  
  65  6:31  Probe  
  68  6:33  Probe  
  68  6:35  Probe  
  71  6:40  Protoss Ground Weapons Level 1  
  71  6:41  Probe  
  71  6:43  Probe  
  71  6:45  Zealot x2  
  77  6:50  Pylon  
  77  6:52  Immortal  
  81  6:55  Probe  
  81  6:57  Protoss Ground Armor Level 1  
  82  7:01  Probe  
  82  7:04  Shield Battery  
  81  7:11  Zealot x3  
  81  7:12  Zealot  
  81  7:13  Probe  
  89  7:32  Gateway  
  89  7:33  Gateway  
  89  7:35  Gateway  
  89  7:37  High Templar x2  
  91  7:39  Gateway  
  91  7:40  Gateway  
  93  7:45  Pylon  
  93  7:47  Pylon, Archon  
  93  7:54  Assimilator  
  93  7:58  Assimilator  
  93  7:59  Probe x3  
  96  8:08  Probe x2, Zealot  
  96  8:09  Probe  
  96  8:10  Zealot  
  103  8:17  Dark Shrine  
  103  8:20  Zealot x2  
  103  8:21  Probe  
  108  8:31  Probe  
  109  8:42  Nexus  
  109  8:43  Protoss Ground Weapons Level 2  
  109  8:45  Pylon  
  109  8:52  Pylon  
  109  8:54  Pylon  
  109  8:55  Pylon  
  109  8:57  Pylon, Psionic Storm  
  109  8:58  Protoss Ground Armor Level 2  
  109  9:03  Probe  
  110  9:10  High Templar  
  110  9:11  High Templar x4  
  110  9:12  High Templar  
  110  9:13  Warp Prism, Zealot x3  
  110  9:16  Archon x3  
  130  9:42  Observer  
  130  9:47  Probe  
  130  9:50  Shadow Stride  
  132  9:54  Dark Templar x2  
  132  9:55  Dark Templar x2  
  132  9:56  Zealot x2  
  132  9:57  Zealot x3  
  151  10:00  Probe  
  151  10:14  Pylon  
  151  10:15  Photon Cannon, Pylon  
  151  10:16  Photon Cannon, Pylon  
  151  10:31  Dark Templar  
  151  10:33  Stalker x5  
  151  10:34  Zealot x3  
  107  11:49  Observer  
  105  11:59  Dark Templar  
  105  12:00  Dark Templar x3  
  114  12:02  Zealot x3  
  114  12:03  Zealot x2  
  114  12:05  Archon  
  114  12:06  Archon  
  124  12:22  Gateway  
  124  12:24  Gateway  
  124  12:27  Gateway  
  124  12:29  Gateway  
  124  12:31  Gateway  
  124  12:33  Archon x2  
  124  12:34  Assimilator, Nexus  
  124  12:37  Assimilator, Pylon, Zealot x2  
  124  12:38  Zealot x2  
  124  12:39  Pylon  
  124  12:40  Pylon  
  124  12:41  Zealot x4  
  124  12:42  Zealot  
  142  13:05  Sentry x4  
  148  13:07  Sentry x2  
  148  13:08  Zealot x2  
  148  13:09  Zealot  
  160  13:28  Zealot  
  160  13:29  Zealot x2  
  160  13:33  Zealot x4  
  160  13:34  Zealot x3  
  152  13:47  Zealot x4  
  148  14:07  Zealot  
  148  14:08  Zealot x5  
  148  14:09  Zealot x4  
  166  14:11  Zealot x3  
  166  14:12  Zealot  
  174  14:28  Dark Templar x2  
  174  14:29  Dark Templar x5  
  188  14:32  Dark Templar x3  
Tags
 
Add a new tag
Caveats
  • Supply blocks, unpowered buildings, or Contaminate may cause inaccurate times.
  • Supply counts are checked every 10 seconds.